 Dungeon Crawl Stone Soup version 0.31.0-12-g77e489cdc1 (webtiles) character file.

Game seed: 6211748074382646048

83 spaghetti the Trooper (level 4, -4/44 HPs)
             Began as a Naga Chaos Knight on Mar 7, 2024.
             Was a Plaything of Xom.
             Killed by divine providence
             ... invoked by an orc priest
              (13 damage)
             ... on level 3 of the Dungeon.
             The game lasted 00:02:01 (914 turns).

spaghetti the Trooper (Naga Chaos Knight)            Turns: 914, Time: 00:02:02

Health: -4/44      AC:  6    Str: 16    XL:     4   Next: 44%
Magic:  4/4        EV: 14    Int: 13    God:    Xom [......]
Gold:   139        SH:  0    Dex:  8    Spells: 3/3 levels left

rFire   . . .        g - +2 dagger (speed)
rCold   . . .        (no shield)
rNeg    . . .        b - +3 leather armour
rPois   +            (no helmet)
rElec   .            (no cloak)
rCorr   .            (no gloves)
SInv    +            (no barding)
Will    .....        (no amulet)
Stlth   +            f - +5 ring of evasion
HPRegen 0.27/turn    (no ring)
MPRegen 0.09/turn

%: no passive effects
@: very slow
A: AC +1, large, see invisible, deformed body, poison resistance, slowness 2,
spit poison 1, naga tail 1, clumsy 1
a: Spit Poison, Renounce Religion


You were on level 3 of the Dungeon.
You worshipped Xom.
You were a very special plaything of Xom.
You visited 1 branch of the dungeon, and saw 3 of its levels.

You collected 139 gold pieces.

Inventory:

Hand Weapons
 a - a +0 falchion of chaos
 g - a +2 dagger of speed (weapon)
Missiles
 d - 6 javelins
Armour
 b - a +3 leather armour (worn)
Jewellery
 f - a +5 ring of evasion (left hand)
Scrolls
 e - a scroll of amnesia
 h - 2 scrolls of identify
Potions
 c - a potion of attraction


   Skills:
 + Level 4.3 Fighting
 - Level 3.0 Long Blades
 + Level 2.2 Throwing
 - Level 1.5 Armour
 - Level 0.7 Dodging


You had 3 spell levels left.
You didn't know any spells.
Your spell library contained the following spells:

 Spells                   Type           Power      Damage    Failure   Level
 Sandblast                Erth           0%         2d4       36%         1
 Frozen Ramparts          Ice            0%         1d1       75%         3
 Passwall                 Erth           0%         N/A       75%         3
 Stone Arrow              Conj/Erth      0%         3d7       75%         3
 Brom's Barrelling Bould  Conj/Erth      0%         2d3       98%         4
 Leda's Liquefaction      Alch/Erth      0%         N/A       98%         4
 Petrify                  Alch/Erth      0%         N/A       98%         4
 Metabolic Englaciation   Hex/Ice        0%         N/A       100%        5


Dungeon Overview and Level Annotations

Branches:
Dungeon (3/15)

Altars:


Innate Abilities, Weirdness & Mutations

Your serpentine skin is tough. (AC +1)
You have supernaturally acute eyesight. (SInv)
Armour fits poorly on your strangely shaped body.
Your system is resistant to poisons. (rPois)
You cover ground very slowly.
You can spit poison.
You have a snake-like lower body.
You are clumsy. (Dex -2)


Message History

The orc closely misses you.
Unknown command.
You closely miss the orc.
The orc is lightly wounded.
You hit the orc but do no damage.
The orc is lightly wounded.
The hobgoblin closely misses you. The orc hits you with a +0 hand axe.
You hit the hobgoblin.
The hobgoblin is heavily wounded.
The hobgoblin barely misses you. The orc closely misses you.
You hit the hobgoblin but do no damage.
The hobgoblin is heavily wounded.
You have got your breath back.
You closely miss the hobgoblin.
The hobgoblin is heavily wounded.
The hobgoblin barely misses you.
The orc priest calls down the wrath of Beogh upon you.
Beogh smites you!
* * * LOW HITPOINT WARNING * * *
The orc barely misses you.
Unknown command.
You closely miss the hobgoblin.
The hobgoblin is heavily wounded.
The hobgoblin hits you but does no damage.
You hit the hobgoblin.
The hobgoblin is severely wounded.
You kill the hobgoblin!
The orc barely misses you.
You hit the orc.
The orc is moderately wounded.
The orc hits you with a +0 hand axe.
* * * LOW HITPOINT WARNING * * *
You barely miss the orc.
The orc is moderately wounded.
You hit the orc but do no damage.
The orc is moderately wounded.
The orc priest invokes the aid of Beogh against you.
Beogh smites you!
You die...
Xom howls with laughter!

#....#########..#
#.# ####.# ###
#..# #.# #.# #..
.... ..# #.# #.#
..## #.# #.# #.#
... #.# #.# #.#
..# #.# #.#####.#
..#
#.......###o.####.
#######..@oo......
#.###o.##### #.#
..# #.# ..# #.#
..# ... ..# ..#
#.# ..# .#


You could see an orc priest, an orc wizard (invisible) and 2 orcs.

Vanquished Creatures
  A gnoll (D:2)
  3 adders
  A dart slug (D:1)
  An orc (D:3)
  4 ball pythons (D:1)
  2 endoplasms
  4 giant cockroaches
  4 goblins
  A hobgoblin (D:3)
  4 jackals (D:2)
  3 quokkas
  3 bats
  A frilled lizard (D:3)
  5 kobolds
  4 rats
41 creatures vanquished.

Notes
Turn   | Place    | Note
-------+----------+-------------------------------------------
     0 | D:1      | spaghetti the Naga Chaos Knight began the quest for the
                  | Orb.
     0 | D:1      | Reached XP level 1. HP: 21/21 MP: 1/1
    38 | D:1      | XOM: silly message
    77 | D:1      | Reached XP level 2. HP: 28/28 MP: 2/2
   165 | D:1      | Reached skill level 1 in Throwing
   261 | D:1      | XOM: give mutation
   261 | D:1      | Gained mutation: You are clumsy. (Dex -2) [Xom's mischief]
   415 | D:2      | Reached XP level 3. HP: 35/36 MP: 3/3
   545 | D:2      | Noticed a shining eye
   551 | D:2      | Found a faded altar of an unknown god.
   554 | D:2      | Noticed a shining eye
   554 | D:2      | Noticed an eye of devastation
   554 | D:2      | Noticed a shining eye
   579 | D:2      | Reached skill level 4 in Fighting
   622 | D:2      | Reached XP level 4. HP: 44/44 MP: 4/4
   667 | D:2      | XOM: polymorph gnoll -> jelly
   673 | D:2      | XOM: smoke on damage
   914 | D:3      | Killed from afar by an orc priest

Illustrated notes

Levels and vault maps discovered:
D:1:      zaba_arrival_water, layout_basic
D:2:      layout_loops_corners, hellmonk_ecumenical_altar_watching_god,
          basic_altar
D:3:      layout_loops_ring

Skill      XL: |  1  2  3  4 |
---------------+-------------+-----
Throwing       | 1 2 |  2.2
Fighting       | 4 |  4.3
Long Blades    | |  3.0
Armour         | |  1.5
Dodging        | |  0.7

Action                     |  1- 3 |  4- 6 || total
---------------------------+-------+-------++-------
  Melee: Falchion          |    13 |       ||    13
         Dagger            |    92 |    36 ||   128
         Punch             |     3 |     1 ||     4
Ability: Spit Poison       |    22 |     5 ||    27
    Use: Scroll            |     2 |     3 ||     5
         Potion            |       |     2 ||     2
 Armour: Leather armour    |    36 |    19 ||    55
  Dodge: Dodged            |    53 |    19 ||    72
